IL
OMAHA STORM CHASERS @ SCRANTON WB RAILRIDERS
09/08/2046
 
TOP OF THE 1ST
Omaha Storm Chasers batting - Pitching for Scranton WB RailRiders : RHP Eric Aguilar
Pitching: RHP Eric Aguilar
Batting: RHB Matt Belgard 0-0: Ball
1-0: Foul Ball, location: 2F
1-1: Ball
2-1: Swinging Strike
2-2: Strikes out swinging
Batting: LHB Roman Downey 0-0: Ball
1-0: Ball
2-0: Ball
3-0: Called Strike
3-1: Base on Balls
Batting: RHB Adam Martin 0-0: Called Strike
0-1: Ball
1-1: Swinging Strike
1-2: Ball
2-2: Ball
3-2: Grounds into double play, 6-4-3 (Groundball, 6, EV 105.0 MPH)
Top of the 1st over - 0 runs, 0 hits, 0 errors, 0 left on base; Omaha 0 - Scranton WB 0
BOTTOM OF THE 1ST
Scranton WB RailRiders batting - Pitching for Omaha Storm Chasers : LHP Ryan Tillett
Pitching: LHP Ryan Tillett
Batting: RHB Devon Utley 0-0: Called Strike
0-1: Ball
1-1: Fly out, F8 (Flyball, 8RM, EV 83.8 MPH)
Batting: RHB Bobby Melillo 0-0: Ball
1-0: DOUBLE (Line Drive, 9LS, EV 91.2 MPH)
Batting: RHB Scott King 0-0: Called Strike
0-1: Ball
1-1: Foul Ball, location: 2F
1-2: SINGLE (Groundball, 6MD, EV 98.1 MPH)
Bobby Melillo to third
Batting: SHB Mukhtar Wa'il 0-0: Ball
1-0: Ball
2-0: Foul Ball, location: 2F
2-1: Swinging Strike
2-2: Ball
3-2: Foul Ball, location: 2F
3-2: SINGLE (Line Drive, 89S, EV 104.4 MPH)
Bobby Melillo scores
Scott King to second
Batting: SHB Victor Ruiz 0-0: Ball
1-0: Ball
2-0: Called Strike
2-1: Foul Ball, location: 2F
2-2: Ball
3-2: Fielders Choice at 2nd, 4-6 (Groundball, 4MD, EV 100.6 MPH)
Scott King to third
Batting: LHB Aaron Joyner 0-0: Ball
1-0: Foul Ball, location: 2F
1-1: Ball
2-1: Foul Ball, location: 2F
2-2: Ball
3-2: Strikes out swinging
Bottom of the 1st over - 1 run, 3 hits, 0 errors, 2 left on base; Omaha 0 - Scranton WB 1
TOP OF THE 2ND
Omaha Storm Chasers batting - Pitching for Scranton WB RailRiders : RHP Eric Aguilar
Batting: LHB Robby Diaz 0-0: Called Strike
0-1: Foul Ball, location: 2F
0-2: Strikes out looking
Batting: RHB Walt Cogswell 0-0: Fly out, F8 (Flyball, 8RM, EV 92.5 MPH)
Batting: RHB Eric Sandell 0-0: Ball
1-0: Foul Ball, location: 2F
1-1: Ball
2-1: Foul Ball, location: 2F
2-2: Foul Ball, location: 2F
2-2: Strikes out swinging
Top of the 2nd over - 0 runs, 0 hits, 0 errors, 0 left on base; Omaha 0 - Scranton WB 1
BOTTOM OF THE 2ND
Scranton WB RailRiders batting - Pitching for Omaha Storm Chasers : LHP Ryan Tillett
Batting: SHB Edwin Dominguez 0-0: Bunt missed!
0-1: Swinging Strike
0-2: Foul Ball, location: 2F
0-2: Foul Ball, location: 2F
0-2: Foul Ball, location: 2F
0-2: Fly out, F8 (Line Drive, 8LM, EV 94.4 MPH)
Batting: RHB Jordan Barragan 0-0: Called Strike
0-1: Bunt missed!
0-2: Ball
1-2: Strikes out swinging
Batting: SHB Joe Fure 0-0: Ball
1-0: Ball
2-0: Ball
3-0: Base on Balls
Batting: RHB Devon Utley 0-0: Called Strike
Joe Fure is caught stealing 2nd base 2-4
Bottom of the 2nd over - 0 runs, 0 hits, 0 errors, 0 left on base; Omaha 0 - Scranton WB 1
TOP OF THE 3RD
Omaha Storm Chasers batting - Pitching for Scranton WB RailRiders : RHP Eric Aguilar
Batting: LHB Danny Bailey 0-0: Called Strike
0-1: Foul Ball, location: 2F
0-2: Foul Ball, location: 2F
0-2: Ball
1-2: Ball
2-2: Strikes out swinging
Batting: SHB Jarrod Lindblad 0-0: Swinging Strike
0-1: Ball
1-1: Ball
2-1: Foul Ball, location: 2F
2-2: Foul Ball, location: 2F
2-2: Ground out 4-3 (Groundball, 4, EV 89.4 MPH)
Batting: RHB Jerry Castillo 0-0: Ball
1-0: Called Strike
1-1: Ball
2-1: Called Strike
2-2: Ball
3-2: Base on Balls
Batting: RHB Matt Belgard 0-0: Ball
1-0: Called Strike
1-1: Ball
2-1: Foul Ball, location: 2F
2-2: Ball
3-2: Foul Ball, location: 2F
3-2: Base on Balls
Jerry Castillo to second
Batting: LHB Roman Downey 0-0: Called Strike
0-1: Foul Ball, location: 2F
0-2: Fly out, F8 (Flyball, 8LD, EV 103.1 MPH)
Top of the 3rd over - 0 runs, 0 hits, 0 errors, 2 left on base; Omaha 0 - Scranton WB 1
BOTTOM OF THE 3RD
Scranton WB RailRiders batting - Pitching for Omaha Storm Chasers : LHP Ryan Tillett
Batting: RHB Devon Utley 0-0: Swinging Strike
0-1: Ball
1-1: Ball
2-1: Called Strike
2-2: Ball
3-2: Base on Balls
Pitching: RHP Joe Jordahl
Batting: RHB Bobby Melillo 0-0: Ball
1-0: Ball
2-0: Fielders Choice at 2nd, 5-4 (Groundball, 56, EV 101.2 MPH)
Batting: RHB Scott King 0-0: Ball
1-0: Ball
2-0: Foul Ball, location: 2F
2-1: Called Strike
2-2: Foul Ball, location: 2F
2-2: Ball
3-2: SINGLE (Groundball, 56D, EV 101.2 MPH)
Bobby Melillo to second
Batting: SHB Mukhtar Wa'il 0-0: Called Strike
0-1: Foul Ball, location: 2F
0-2: Strikes out swinging
Batting: SHB Victor Ruiz 0-0: Called Strike
0-1: Ball
1-1: Ball
2-1: Called Strike
2-2: Strikes out swinging
Bottom of the 3rd over - 0 runs, 1 hit, 0 errors, 2 left on base; Omaha 0 - Scranton WB 1
TOP OF THE 4TH
Omaha Storm Chasers batting - Pitching for Scranton WB RailRiders : RHP Eric Aguilar
Batting: RHB Adam Martin 0-0: Fly out, F6 (Popup, 6M, EV 71.2 MPH)
Batting: LHB Robby Diaz 0-0: Ball
1-0: Ball
2-0: Ball
3-0: Called Strike
3-1: SINGLE (Groundball, 6D, EV 101.9 MPH)
Batting: RHB Walt Cogswell 0-0: Swinging Strike
0-1: Fly out, F3 (Popup, 34S, EV 67.5 MPH)
Batting: RHB Eric Sandell 0-0: Ball
1-0: Called Strike
1-1: Ball
2-1: Foul Ball, location: 2F
2-2: Ball
3-2: Foul Ball, location: 2F
Balk!
Robby Diaz to second
3-2: Strikes out swinging
Top of the 4th over - 0 runs, 1 hit, 0 errors, 1 left on base; Omaha 0 - Scranton WB 1
BOTTOM OF THE 4TH
Scranton WB RailRiders batting - Pitching for Omaha Storm Chasers : RHP Joe Jordahl
Batting: LHB Aaron Joyner 0-0: Ball
1-0: Called Strike
1-1: Swinging Strike
1-2: Strikes out swinging
Batting: SHB Edwin Dominguez 0-0: Called Strike
0-1: Ball
1-1: Ball
2-1: Foul Ball, location: 2F
2-2: Foul Ball, location: 2F
2-2: Foul Ball, location: 2F
2-2: Ball
3-2: Base on Balls
Batting: RHB Jordan Barragan 0-0: Ball
1-0: Foul Ball, location: 2F
1-1: Foul Ball, location: 2F
1-2: Ball
2-2: Fly out, F6 (Line Drive, 6, EV 71.2 MPH)
Batting: SHB Joe Fure 0-0: Fly out, F5 (Popup, 6S, EV 88.8 MPH)
Bottom of the 4th over - 0 runs, 0 hits, 0 errors, 1 left on base; Omaha 0 - Scranton WB 1
TOP OF THE 5TH
Omaha Storm Chasers batting - Pitching for Scranton WB RailRiders : RHP Eric Aguilar
Batting: LHB Danny Bailey 0-0: Ball
1-0: Ball
2-0: Ball
3-0: Base on Balls
Batting: SHB Jarrod Lindblad 0-0: Called Strike
0-1: Ball
1-1: Called Strike
1-2: Ball
2-2: Ball
3-2: Fielders Choice at 2nd, 6-4 (Groundball, 6, EV 98.8 MPH)
Batting: RHB Jerry Castillo 0-0: Foul Ball, location: 2F
0-1: SINGLE (Groundball, 56D, EV 90.0 MPH) (infield hit)
Jarrod Lindblad to second
Batting: RHB Matt Belgard 0-0: Ball
1-0: Called Strike
1-1: Fly out, F7 (Line Drive, 78M, EV 91.2 MPH)
Batting: LHB Roman Downey 0-0: Swinging Strike
0-1: Ball
1-1: Called Strike
1-2: Ball
2-2: Ball
3-2: Strikes out swinging
Top of the 5th over - 0 runs, 1 hit, 0 errors, 2 left on base; Omaha 0 - Scranton WB 1
BOTTOM OF THE 5TH
Scranton WB RailRiders batting - Pitching for Omaha Storm Chasers : RHP Joe Jordahl
Batting: RHB Devon Utley 0-0: Foul Ball, location: 2F
0-1: Called Strike
0-2: Strikes out looking
Batting: RHB Bobby Melillo 0-0: Ball
1-0: Called Strike
1-1: Ball
2-1: Ball
3-1: Called Strike
3-2: Ground out 3-1 (Groundball, 34S, EV 85.0 MPH)
Batting: RHB Scott King 0-0: Foul Ball, location: 2F
0-1: Ball
1-1: Swinging Strike
1-2: Ball
2-2: Ball
3-2: Fly out, F4 (Popup, 13, EV 81.2 MPH)
Bottom of the 5th over - 0 runs, 0 hits, 0 errors, 0 left on base; Omaha 0 - Scranton WB 1
TOP OF THE 6TH
Omaha Storm Chasers batting - Pitching for Scranton WB RailRiders : RHP Eric Aguilar
Batting: RHB Adam Martin 0-0: Ball
1-0: Reached on error, E1 (Groundball, 34S, EV 67.5 MPH)
Batting: LHB Robby Diaz 0-0: Ball
1-0: Swinging Strike
1-1: Swinging Strike
1-2: Ball
2-2: Ball
3-2: SINGLE (Groundball, 34D, EV 102.5 MPH)
Adam Martin to second
Runner from 2nd tries for 3rd, SAFE, no throw by RF
Batting: RHB Walt Cogswell 0-0: Fly out, F9 (Flyball, 9D, EV 105.0 MPH)
Runner from 3rd tags up, SCORES, no throw by RF
Pitching: RHP Jake Visconti
Batting: RHB Eric Sandell 0-0: Foul Ball, location: 2F
0-1: SINGLE (Line Drive, 89S, EV 103.8 MPH)
Robby Diaz to second
Batting: LHB Danny Bailey 0-0: Ball
1-0: SINGLE (Groundball, 3S, EV 63.8 MPH) (infield hit)
Robby Diaz to third
Eric Sandell to second
Batting: SHB Jarrod Lindblad 0-0: Called Strike
0-1: Foul Ball, location: 2F
0-2: Strikes out swinging
Batting: RHB Jerry Castillo 0-0: Called Strike
0-1: Ball
1-1: Foul Ball, location: 2F
1-2: Fielders Choice at 2nd, 6-4 (Groundball, 6, EV 82.5 MPH)
Top of the 6th over - 1 run, 3 hits, 1 error, 3 left on base; Omaha 1 - Scranton WB 1
BOTTOM OF THE 6TH
Scranton WB RailRiders batting - Pitching for Omaha Storm Chasers : RHP Joe Jordahl
Pitching: RHP Terry Romaine
Batting: SHB Mukhtar Wa'il 0-0: Called Strike
0-1: SINGLE (Groundball, 4MD, EV 93.8 MPH)
Batting: SHB Victor Ruiz 0-0: Foul Ball, location: 2F
0-1: Ball
1-1: Grounds into double play, 3-6-3 (Groundball, 23, EV 78.8 MPH)
Batting: LHB Aaron Joyner 0-0: Ball
1-0: Swinging Strike
1-1: Fly out, F9 (Line Drive, 89D, EV 93.1 MPH)
Bottom of the 6th over - 0 runs, 1 hit, 0 errors, 0 left on base; Omaha 1 - Scranton WB 1
TOP OF THE 7TH
Omaha Storm Chasers batting - Pitching for Scranton WB RailRiders : RHP Jake Visconti
Batting: RHB Matt Belgard 0-0: Foul Ball, location: 2F
0-1: Foul Ball, location: 2F
0-2: Ball
1-2: Ball
2-2: Strikes out looking
Batting: LHB Roman Downey 0-0: Ball
1-0: Ball
2-0: Called Strike
2-1: Foul Ball, location: 2F
2-2: Ball
3-2: Ground out 6-3 (Groundball, 6M, EV 88.1 MPH)
Batting: RHB Adam Martin 0-0: Called Strike
0-1: Foul Ball, location: 2F
0-2: Foul Ball, location: 2F
0-2: Ball
1-2: Ground out 4-3 (Groundball, 34D, EV 106.2 MPH)
Top of the 7th over - 0 runs, 0 hits, 0 errors, 0 left on base; Omaha 1 - Scranton WB 1
BOTTOM OF THE 7TH
Scranton WB RailRiders batting - Pitching for Omaha Storm Chasers : RHP Terry Romaine
Batting: SHB Edwin Dominguez 0-0: Called Strike
0-1: Foul Ball, location: 2F
0-2: Ball
1-2: Ball
2-2: Ball
3-2: SINGLE (Groundball, 34D, EV 95.0 MPH)
Batting: RHB Jordan Barragan 0-0: Ball
1-0: Sac Bunt to 2L - play at second, runner OUT! 2-6
Pinch Hitting: LHB Joel Vera 0-0: Called Strike
0-1: Called Strike
0-2: Strikes out looking
Batting: RHB Devon Utley 0-0: Called Strike
Jordan Barragan steals 2nd base
0-1: Ball
1-1: Ball
2-1: Foul Ball, location: 2F
2-2: Fly out, F8 (Line Drive, 8RM, EV 90.6 MPH)
Bottom of the 7th over - 0 runs, 1 hit, 0 errors, 1 left on base; Omaha 1 - Scranton WB 1
TOP OF THE 8TH
Omaha Storm Chasers batting - Pitching for Scranton WB RailRiders : RHP Jake Visconti
Pitching: LHP Jose Carmona
Now in LF: Jose Lebron
Batting: RHB Taisei Fujii 0-0: Ball
1-0: Swinging Strike
1-1: Called Strike
1-2: Foul Ball, location: 2F
1-2: Ground out 6-3 (Groundball, 6, EV 83.1 MPH)
Batting: RHB Walt Cogswell 0-0: Fly out, F8 (Flyball, 8RD, EV 95.6 MPH)
Batting: RHB Eric Sandell 0-0: Called Strike
0-1: Ball
1-1: Swinging Strike
1-2: Ball
2-2: Strikes out looking
Top of the 8th over - 0 runs, 0 hits, 0 errors, 0 left on base; Omaha 1 - Scranton WB 1
BOTTOM OF THE 8TH
Scranton WB RailRiders batting - Pitching for Omaha Storm Chasers : RHP Terry Romaine
Pitching: RHP Brian Straub
Batting: RHB Bobby Melillo 0-0: Called Strike
0-1: Swinging Strike
0-2: Ground out 6-3 (Groundball, P, EV 90.6 MPH)
Batting: RHB Scott King 0-0: Swinging Strike
0-1: Ball
1-1: Ground out 1-3 (Groundball, 13S, EV 67.5 MPH)
Batting: SHB Mukhtar Wa'il 0-0: Ball
1-0: Swinging Strike
1-1: Ball
2-1: Hit by Pitch
Batting: SHB Victor Ruiz 0-0: Called Strike
0-1: Ground out 4-3 (Groundball, 4, EV 81.9 MPH)
Bottom of the 8th over - 0 runs, 0 hits, 0 errors, 1 left on base; Omaha 1 - Scranton WB 1
TOP OF THE 9TH
Omaha Storm Chasers batting - Pitching for Scranton WB RailRiders : LHP Jose Carmona
Pinch Hitting: RHB Aaron Moore 0-0: Ball
1-0: Foul Ball, location: 2F
1-1: Fly out, F8 (Flyball, 8LM, EV 85.6 MPH)
Batting: SHB Jarrod Lindblad 0-0: Ball
1-0: Ball
2-0: Ball
3-0: Ground out 5-3 (Groundball, 5, EV 104.4 MPH)
Batting: RHB Jerry Castillo 0-0: Ball
1-0: Ball
2-0: Called Strike
2-1: Fly out, F9 (Flyball, 9S, EV 90.0 MPH)
Top of the 9th over - 0 runs, 0 hits, 0 errors, 0 left on base; Omaha 1 - Scranton WB 1
BOTTOM OF THE 9TH
Scranton WB RailRiders batting - Pitching for Omaha Storm Chasers : RHP Brian Straub
Now at SS: Aaron Moore
Now in CF: Walt Cogswell
Batting: LHB Aaron Joyner 0-0: Fly out, F7 (Flyball, 7D, EV 105.6 MPH)
Batting: SHB Edwin Dominguez 0-0: Swinging Strike
0-1: Ball
1-1: Ball
2-1: SINGLE (Groundball, 6S, EV 64.4 MPH) (infield hit)
Batting: RHB Jordan Barragan 0-0: Called Strike
0-1: Foul Ball, location: 2F
0-2: Ball
1-2: Ball
2-2: Foul Ball, location: 2F
2-2: Fly out, F9 (Flyball, 9S, EV 78.1 MPH)
Batting: LHB Jose Lebron 0-0: Foul Ball, location: 2F
0-1: Ball
1-1: DOUBLE (Line Drive, 8LXD, EV 100.6 MPH)
Edwin Dominguez to third
Runner from 3rd tries for Home, SAFE, no throw by CF
Bottom of the 9th over - 1 run, 2 hits, 0 errors, 1 left on base; Omaha 1 - Scranton WB 2
Tuesday, September 13th , 2022 - OOTP Baseball 23.7 Build 88